Cogmind - Beta 10.2 @@@ ROGUE MODE // 2020.12.21 @ 10:25:02 Player: CrossedViper Result: Destroyed by 8R-AWN with 8R-AWN's Boregun Performance ------------- Evolutions (1) 500 Regions Visited (5) 1000 Robots Destroyed (68) 340 Value Destroyed (1199) 1199 Prototype IDs (25) 500 Alien Tech Used (0) 0 Bonus (-21) -21 TOTAL SCORE: 3518 Bonus ------- High Alert Combat Kills 30 Aligned with FarCom 300 Friendly Fire -351 Cogmind --------- Core Integrity 0/400 Matter 119/300 Energy 280/280 System Corruption 1% Temperature Cool (0) Movement Treading (200) Ox2 Location -9/Exiles Parts ------- > --- POWER (1) -------- Heavy Ion Engine > --- PROPULSION (2) --- Light Treads > --- UTILITY (4) ------ Large Storage Unit Large Storage Unit Improved Melee Analysis Suite > --- WEAPON (2) ------- Improved Assault Rifle Longsword +1 > --- INVENTORY (16) --- Kinecellerator Plasma Cannon Heavy Assault Rifle Heavy Assault Rifle Improved Assault Rifle Improved Assault Rifle Improved Assault Rifle High-powered Shotgun AWS/Gauss Rocket Launcher Plasma Cutter Peak State ------------ > --- POWER ------------ Heavy Ion Engine > --- PROPULSION ------- Light Treads Light Treads > --- UTILITY ---------- Large Storage Unit Large Storage Unit Improved Melee Analysis Suite Improved Medium Armor Plating > --- WEAPON ----------- Improved Assault Rifle Longsword +1 > --- INVENTORY -------- Light Treads Light Treads Kinecellerator Light Armor Plating Plasma Cannon Heavy Assault Rifle Heavy Assault Rifle Improved Assault Rifle Improved Assault Rifle Improved Assault Rifle High-powered Shotgun AWS/Gauss Rocket Launcher Rocket Launcher Plasma Cutter [Rating: 30] Favorites ----------- Power Heavy Ion Engine Engine Heavy Ion Engine Propulsion Light Treads Treads Light Treads Leg Aluminum Leg Wheel Armored Wheel Utility Large Storage Unit Device Improved Sensor Array Storage Large Storage Unit Processor Improved Melee Analysis Suite Protection Light Armor Plating Weapon Improved Assault Rifle Energy Gun Particle Gun Ballistic Gun Improved Assault Rifle Launcher Rocket Launcher Special Weapon Plasma Cutter Slashing Weapon Longsword +1 Build | -11 -10 -10 -9 -9 -9 ------- Run | Scr Mat Min Mat Min Exi Slots Evolved 2 | . . . 2 . . Power . | . . . . . . Propulsion . | . . . . . . Utility 2 | . . . 2 . . Weapon . | . . . . . . Parts Attached 60 | . 15 11 19 . 15 Power 4 | . 2 1 1 . . Engine 4 | . 2 1 1 . . Core . | . . . . . . Reactor . | . . . . . . Propulsion 14 | . 2 4 5 . 3 Treads 11 | . 2 2 4 . 3 Leg . | . . . . . . Wheel 3 | . . 2 1 . . Hover . | . . . . . . Flight . | . . . . . . Utility 12 | . 5 . 3 . 4 Device 2 | . 2 . . . . Storage 5 | . 3 . 1 . 1 Processor 1 | . . . . . 1 Hackware . | . . . . . . Protection 4 | . . . 2 . 2 Artifact . | . . . . . . Weapon 30 | . 6 6 10 . 8 Energy Gun 2 | . 2 . . . . Energy Cannon . | . . . . . . Ballistic Gun 18 | . 2 5 6 . 5 Ballistic Cannon . | . . . . . . Launcher 8 | . 1 1 4 . 2 Special Weapon 1 | . 1 . . . . Impact Weapon . | . . . . . . Slashing Weapon 1 | . . . . . 1 Piercing Weapon . | . . . . . . Special Melee Weapon . | . . . . . . Unidentified Prototypes 2 | . . . 2 . . Parts Lost 11 | . 4 . 1 . 6 Power . | . . . . . . Propulsion 4 | . 1 . . . 3 Utility 4 | . 1 . 1 . 2 Weapon 3 | . 2 . . . 1 Highest Loss Streak 6 | . 2 . 1 . 6 Average Slot Usage (%) 96 | . 95 99 88 100 99 Engine 12 | . 14 14 10 11 11 Treads 14 | . 23 11 11 11 15 Wheel 9 | . . 16 11 11 5 Device 1 | . 8 . . . . Storage 27 | . 15 28 24 33 35 Protection 4 | . . . 8 11 6 Energy Gun 1 | . 6 . . . . Ballistic Gun 20 | . 13 25 20 22 19 Launcher 1 | . 5 2 1 . . Naked Turns . | . . . . . . Heaviest Build 78 | 10 41 43 66 65 78 Greatest Support 40 | 20 40 40 20 12 40 Greatest Overweight (x) 5 | . 1 3 5 5 5 Average Overweight (x) 3 | . . 2 4 5 3 Largest Inventory Capacity 28 | . 16 16 22 22 28 Average Capacity 17 | . 7 16 17 22 23 Most Carried 25 | . 16 16 20 22 25 Average Carried 16 | . 7 15 16 21 21 Final Capacity 22 | 6 16 16 22 22 16 Final Carried 22 | 6 16 16 20 22 12 Class Distribution -------------------- 59% | Mutant 40% | Hauler-Mutant Dominant Class ---------------- Mutant | -10/Materials Mutant | -10/Mines Mutant | -9/Materials Hauler-Mutant | -9/Mines Hauler-Mutant | -9/Exiles Resources | -11 -10 -10 -9 -9 -9 ----------- Run | Scr Mat Min Mat Min Exi Matter Collected 1470 | 200 187 310 649 124 . Remotely . | . . . . . . Salvage Created 1798 | . 379 244 1010 138 27 Parts 127 | . 33 29 49 16 . Haulers Intercepted 6 | . 2 . 4 . . Recyclers Shooed 3 | . . . 3 . . Parts Field Recycled . | . . . . . . Retrieved Matter . | . . . . . . Parts Self-Destructed . | . . . . . . Prevented . | . . . . . . Kills | -11 -10 -10 -9 -9 -9 ------- Run | Scr Mat Min Mat Min Exi Combat Hostiles Destroyed 55 | . 11 17 18 3 6 Guns 23 | . 5 5 10 3 . Cannons 2 | . 2 . . . . AOE 30 | . 4 12 8 . 6 Classes Destroyed 10 | . 5 2 1 1 1 Worker 2 | . . 1 1 . . Builder 2 | . 2 . . . . Tunneler 1 | . . . . 1 . Hauler 6 | . 2 . 4 . . Recycler 7 | . . . 6 1 . Operator 1 | . 1 . . . . Swarmer 30 | . 6 12 9 3 . Grunt 14 | . 5 4 5 . . Sentry 5 | . . 1 4 . . Assembled 6 | . . . . . 6 Best Kill Streak 7 | . 6 5 7 3 6 Combat Bots Only 6 | . 3 5 5 3 6 Max Kills in Single Turn 3 | . 2 3 3 2 2 Gunslinging 1 | . . . . 1 . Exploded 3 | . 2 3 3 . 2 Melee . | . . . . . . Uniques/NPCs Destroyed . | . . . . . . Combat | -11 -10 -10 -9 -9 -9 -------- Run | Scr Mat Min Mat Min Exi Damage Taken 2803 | . 463 328 821 31 1160 Core 498 | . 82 14 157 9 236 Absorbed by Shields . | . . . . . . Core Remaining (%) 80 | 100 . 61 . . . Volleys Fired 130 | . 34 28 56 6 6 Largest 2 | . 2 2 2 2 1 Hottest 85 | . 85 56 48 46 33 Shots Fired 216 | . 54 47 97 12 6 Gun 168 | . 29 37 90 12 . Cannon . | . . . . . . Launcher 34 | . 11 10 7 . 6 Special 14 | . 14 . . . . Kinetic 162 | . 23 37 90 12 . Thermal 20 | . 20 . . . . Explosive 34 | . 11 10 7 . 6 Electromagnetic . | . . . . . . Robot Hit Streak 11 | . 9 11 9 4 7 Robot Miss Streak 6 | . 2 4 6 1 . Penetration Max . | . . . . . . Secondary Targets 1 | . . . . 1 . Max Gunslinging Chain 1 | . . . . 1 . Shots Hit Robots 167 | . 37 32 67 8 23 Core Hits 105 | . 24 27 40 5 9 Critical Hits 3 | . 1 . . . 2 Critical Kills . | . . . . . . Critical Parts Destroyed 1 | . 1 . . . . Melee Attacks 21 | . . . . . 21 Impact . | . . . . . . Slashing 21 | . . . . . 21 Piercing . | . . . . . . Sneak Attacks 1 | . . . . . 1 Combat Hostiles . | . . . . . . Follow-up Attacks . | . . . . . . Damage Inflicted 5734 | . 902 1246 2041 99 1446 Guns 1746 | . 301 359 987 99 . Cannons . | . . . . . . Explosions 2893 | . 522 887 1054 . 430 Melee 1011 | . . . . . 1011 Ramming 5 | . . . . . 5 Kinetic 1699 | . 254 359 987 99 . Thermal 485 | . 126 . 359 . . Explosive 2534 | . 522 887 695 . 430 Electromagnetic . | . . . . . . Impact . | . . . . . . Slashing 1011 | . . . . . 1011 Piercing . | . . . . . . Highest Corruption 1 | . . . 1 1 1 Average Corruption 1 | . . . 1 1 1 Corruption Purged . | . . . . . . Effects 9 | . . . 1 5 3 Message Errors 5 | . . . . 2 3 Energy Discharges 2 | . . . 1 1 . Data Loss (minor) 2 | . . . . 2 . Overload Shots . | . . . . . . Overflow Damage 214 | . 12 69 93 . 40 Projectiles . | . . . . . . Explosions 182 | . 12 69 93 . 8 Melee 32 | . . . . . 32 Knockbacks . | . . . . . . Impact . | . . . . . . Kinetic . | . . . . . . Secondary . | . . . . . . Self-Inflicted Damage 353 | . . 56 297 . . Shots 7 | . . 3 4 . . Rammed 2 | . . . . . 2 Targets Rammed 2 | . . . . . 2 Kicked . | . . . . . . Crushed . | . . . . . . Highest Temperature 24 | . 24 5 18 . . Average Temperature 8 | . 12 3 7 . . Received Heat Transfer 381 | . 204 66 111 . . Siege Activations . | . . . . . . Robots Corrupted . | . . . . . . Combat Hostiles . | . . . . . . Parts Fried . | . . . . . . Impact Corruptions . | . . . . . . Robots Melted . | . . . . . . Combat Hostiles . | . . . . . . Parts Melted . | . . . . . . Heat Transferred 633 | . 383 . 250 . . Parts Sabotaged . | . . . . . . Parts Stolen . | . . . . . . Parts Stripped . | . . . . . . Power Chain Reactions . | . . . . . . Missiles Intercepted . | . . . . . . Alert | -11 -10 -10 -9 -9 -9 ------- Run | Scr Mat Min Mat Min Exi Peak Influence 472 | . 175 472 337 131 . Initial 131 | . . 67 76 131 . Average 181 | . 90 301 211 79 . Maximum Alert Level 2 | . . 2 1 . . Low Security (%) 62 | . 100 23 40 100 . Level 1 30 | . . 54 59 . . Level 2 6 | . . 21 . . . Level 3 . | . . . . . . Level 4 . | . . . . . . Level 5 . | . . . . . . High Security . | . . . . . . Max Security . | . . . . . . Squads Dispatched 4 | . 2 1 1 . . Investigation 1 | . . 1 . . . Extermination . | . . . . . . Reinforcement 3 | . 2 . 1 . . Assault . | . . . . . . Garrison . | . . . . . . Intercept . | . . . . . . Construction Impeded 1 | . . . 1 . . Haulers Reinforced . | . . . . . . Stealth | -11 -10 -10 -9 -9 -9 --------- Run | Scr Mat Min Mat Min Exi Distress Signals 3 | . 2 . 1 . . Communications Jammed . | . . . . . . Distress Signals . | . . . . . . Times Spotted 71 | . 18 17 25 3 8 Peak Tracking Total 9 | . 5 3 6 3 9 Tactical Retreats 1 | . . 1 . . . Traps | -11 -10 -10 -9 -9 -9 ------- Run | Scr Mat Min Mat Min Exi Traps Triggered 2 | . 1 . 1 . . Indirectly . | . . . . . . Trap Hack Attempts . | . . . . . . Triggered . | . . . . . . Disarmed . | . . . . . . Reprogrammed . | . . . . . . Reused 2 | . . . . . 2 Traps Extracted . | . . . . . . Installed 4 | . . . . . 4 Triggered . | . . . . . . Machines | -11 -10 -10 -9 -9 -9 ---------- Run | Scr Mat Min Mat Min Exi Machines Disabled 10 | . 2 2 3 . 3 Max in Single Turn 2 | . 2 1 2 . 1 Machines Sabotaged . | . . . . . . Garrisons Compromised . | . . . . . . Overloaded Fab Kills . | . . . . . . Fab Network Shutdowns . | . . . . . . Hacking | -11 -10 -10 -9 -9 -9 --------- Run | Scr Mat Min Mat Min Exi Machines Accessed 7 | . 1 1 3 1 1 Terminals 4 | . 1 . 3 . . Fabricators . | . . . . . . Repair Stations . | . . . . . . Recycling Units . | . . . . . . Scanalyzers . | . . . . . . Garrison Access . | . . . . . . Total Hacks 14 | . 6 1 5 1 1 Successful 8 | . . 1 5 1 1 Failed 6 | . 6 . . . . Catastrophic 1 | . 1 . . . . Database Lockouts . | . . . . . . Manual 4 | . 2 . 1 . 1 Terminals 11 | . 6 . 5 . . Fabricators . | . . . . . . Repair Stations . | . . . . . . Recycling Units . | . . . . . . Scanalyzers . | . . . . . . Garrison Access . | . . . . . . Terminal Hacks 8 | . . 1 5 1 1 Open Door 2 | . . 1 . 1 . Branch Access Points 1 | . . . 1 . . Alert Level 1 | . . . 1 . . Unreport Threat 1 | . . . 1 . . Locate Traps 1 | . . . 1 . . Hauler Manifests 1 | . . . 1 . . EX-Prototype ID Bank 1 | . . . . . 1 Fabricator Hacks . | . . . . . . Repair Station Hacks . | . . . . . . Recycling Unit Hacks . | . . . . . . Scanalyzer . | . . . . . . Garrison Access Hacks . | . . . . . . Unauthorized Hacks . | . . . . . . Terminals . | . . . . . . Fabricators . | . . . . . . Repair Stations . | . . . . . . Recycling Units . | . . . . . . Scanalyzers . | . . . . . . Garrison Access . | . . . . . . Data Cores Recovered . | . . . . . . Used . | . . . . . . Hacking Detections 2 | . 1 . 1 . . Full Trace Events . | . . . . . . Feedback Events . | . . . . . . Feedback Blocked . | . . . . . . Robot Schematics Acquired . | . . . . . . Robots Built . | . . . . . . Matter . | . . . . . . Time . | . . . . . . Total Robot Build Rating . | . . . . . . Part Schematics Acquired . | . . . . . . Parts Built . | . . . . . . Matter . | . . . . . . Time . | . . . . . . Total Part Build Rating . | . . . . . . Parts Repaired . | . . . . . . Time . | . . . . . . Parts Recycled . | . . . . . . Recycled Matter . | . . . . . . Retrieved Matter . | . . . . . . Retrieved Components . | . . . . . . Parts Scanalyzed . | . . . . . . Part Schematics Acquired . | . . . . . . Parts Damaged . | . . . . . . Bothacking | -11 -10 -10 -9 -9 -9 ------------ Run | Scr Mat Min Mat Min Exi Used RIF Installer . | . . . . . . Robots Hacked . | . . . . . . Non-combat . | . . . . . . Combat . | . . . . . . Robot Hacks Applied . | . . . . . . Relay Couplers Released . | . . . . . . Robots Rewired . | . . . . . . Allies Hacked . | . . . . . . Hacks Repelled . | . . . . . . Allies | -11 -10 -10 -9 -9 -9 -------- Run | Scr Mat Min Mat Min Exi Total Allies 3 | . . 3 . . . Largest Group 3 | . . 3 . . . Highest-Rated Group 40 | . . 40 . . . Highest-Rated Ally 16 | . . 16 . . . Total Orders 1 | . . 1 . . . STAY 1 | . . 1 . . . Ally Attacks . | . . . . . . Total Damage . | . . . . . . Kills . | . . . . . . Allies Corrupted . | . . . . . . Allies Melted . | . . . . . . Intel | -11 -10 -10 -9 -9 -9 ------- Run | Scr Mat Min Mat Min Exi Robot Analysis Total . | . . . . . . Derelict Logs Recovered 4 | . . 2 . 2 . Drone Launches . | . . . . . . Drone Recoveries . | . . . . . . Exploration | -11 -10 -10 -9 -9 -9 ------------- Run | Scr Mat Min Mat Min Exi Turns Passed 3964 | . 703 988 698 736 839 Spaces Moved 2353 | 1 340 675 350 509 478 Core . | . . . . . . Treads 656 | . 328 109 40 . 179 Legs 13 | 1 12 . . . . Wheels 1684 | . . 566 310 509 299 Hover . | . . . . . . Flight . | . . . . . . Fastest Speed 100 | 120 120 100 120 140 140 Average Speed 143 | 120 161 128 145 140 155 Slowest Speed 220 | 120 180 200 220 140 200 Overloaded Moves . | . . . . . . Propulsion Burnouts . | . . . . . . Robots Hopped . | . . . . . . Cave-ins Triggered . | . . . . . . Exploration Rate (%) 58 | 2 56 99 35 95 61 Regions Visited 5 Branch Regions 3 Pre-discovered Areas 3 | . . 2 . 1 . Known Exits Taken 1 | . . . 1 . . Unknown Exits Taken 4 | 1 1 1 . 1 . Scrap Searched 3 | . . 2 . 1 . Spaces Dug 35 | . 4 22 9 . . Terrain Destroyed 272 | . 50 88 95 . 39 Melee . | . . . . . . Projectile . | . . . . . . AOE 272 | . 50 88 95 . 39 Terrain Rammed . | . . . . . . Walls Destroyed . | . . . . . . Machines Disabled . | . . . . . . Actions | -11 -10 -10 -9 -9 -9 --------- Run | Scr Mat Min Mat Min Exi Total 2692 | . 427 751 442 522 550 Wait 26 | . 11 14 1 . . Move 2348 | . 339 674 349 508 478 Hop . | . . . . . . Pick Up 52 | . 19 10 8 5 10 Fast Attach 8 | . 2 1 4 . 1 Attach 12 | . 5 . 1 . 6 Detach . | . . . . . . Swap 40 | . 8 10 14 . 8 Drop 49 | . 9 14 9 3 14 Fire 130 | . 34 28 56 6 6 Melee 21 | . . . . . 21 Ram . | . . . . . . Kick . | . . . . . . Crush 2 | . . . . . 2 Escape Stasis . | . . . . . . Rewire . | . . . . . . Trap 4 | . . . . . 4 Miscellaneous . | . . . . . . Route ------- -11/Scrapyard -10/Materials (discovered 2 exits: *Min x2) -10/Mines (discovered 2 exits: *Mat x2) -9/Materials (discovered 2 exits: [*Mat] / *Min) -9/Mines (discovered 2 exits: [*Mat] / *Exi) -9/Exiles (discovered 1 exit: [*Min]) History --------- Turn | Location | Event 1 | -11/Scrapyard | Discovered new exit (range 0) 1 | -11/Scrapyard | Entered Materials 107 | -10/Materials | Discovered new exit (range 4) 312 | -10/Materials | Build established: Mutant 373 | -10/Materials | Discovered new exit (range 16) 704 | -10/Materials | Entered Mines 826 | -10/Mines | Learned location of Zion (-6) 865 | -10/Mines | Discovered new exit (range 5) 1004 | -10/Mines | Found a hidden stash of uninstalled traps 1081 | -10/Mines | Discovered new exit (range 11) 1101 | -10/Mines | Assisted by bots powering up and referring to "LRC-V3" 1216 | -10/Mines | Met a Derelict shopkeep closing up shop 1692 | -10/Mines | Entered Materials 1692 | -9/Materials | Evolved 2 slots: Utility x2 1709 | -9/Materials | Identified exit to Mines 1941 | -9/Materials | Discovered new exit (range 14) 2390 | -9/Materials | Entered Mines 2462 | -9/Mines | Received a Rocket Launcher from a helpful Derelict 2505 | -9/Mines | Discovered new exit (range 10) 2506 | -9/Mines | Build established: Hauler-Mutant 2520 | -9/Mines | Met a Derelict who couldn't figure out how to use a Trap Extractor 2952 | -9/Mines | Learned location of Recycling (-7) 3121 | -9/Mines | Deemed a non-threat by the Exiles lab entrance 3121 | -9/Mines | Discovered new exit (range 5) 3126 | -9/Mines | Entered Exiles 3264 | -9/Exiles | Met 8R-AWN 3289 | -9/Exiles | Met EX-HEX 3341 | -9/Exiles | Met EX-DEC 3410 | -9/Exiles | Discovered new exit (range 14) 3492 | -9/Exiles | Met EX-BIN 3512 | -9/Exiles | Aligned with FarCom system 3513 | -9/Exiles | Given EX-Vault access code 3545 | -9/Exiles | Opened EX-Vault 3565 | -9/Exiles | Found AWS/Gauss 3570 | -9/Exiles | Found Longsword +1 3619 | -9/Exiles | Warned to stay clear of 0b10 Research branches 3886 | -9/Exiles | Attacked by the Exiles 3892 | -9/Exiles | Core integrity fell below 50% 3946 | -9/Exiles | Core integrity fell below 20% 3965 | -9/Exiles | Destroyed by 8R-AWN with 8R-AWN's Boregun Last Messages --------------- 03945_ HV Slug penetrates Wall. 03945_ Penetrated by HV Slug. 03945_ HV Slug penetrates Wall. 03949_ Penetrated by HV Slug. 03949_ Critical hit. 03949_ Lgt. Armor Plating destroyed. 03949_ HV Slug penetrates Wall. 03949_ Penetrated by HV Slug. 03949_ HV Slug penetrates Wall. 03950_ Destroyed Prototype Protection. 03952_ Destroyed Prototype Ballistic Gun. 03953_ Penetrated by HV Slug. 03953_ HV Slug penetrates Wall. 03954_ Penetrated by HV Slug. 03954_ HV Slug penetrates Wall. 03958_ Penetrated by HV Slug. 03958_ HV Slug penetrates Wall. 03961_ Penetrated by HV Slug. 03961_ HV Slug penetrates Wall. 03965_ Penetrated by HV Slug. Map ----- +----------------------------------------------------+ | ""#??????????????????????????????????????????????? | | ""#??????????????????????????????????????????????? | | ""#??????????????????????????????????????????????? | | ""#??????????????????????????????????????????????? | | """??????????????????????????????????????????????? | | ""#??????????????????????????????????????????????? | | """??????????????????????????????????????????????? | | #??????????????????????????????????????????????? | | ""#??????????????????????????????????????????????? | | ###??????????????????????????????????????????????? | | ?????????????????????????????????????????????????? | | ?????????????????????????????????????????????????? | | ?????????????????????????????????????????????????? | | #########???????????????????????????????????? ??? | | """"""""##??????????????????????????????????? ? | | """ """"##?????????????????????????????????# #? | | "" " #????????????????##?????????????## ## | | " """#???????????????? #?????????????# # | | " "#???????????##### ##????????????# # | | " "##?????#???##"^ ; #???????????## ? | | ""###??## ###"^ !; ##??????????## #?? | | """#?## ###???????????# #?? | | "#?# ###????????### #??? | | ### = ########## #??? | | ## ! #""""## #???? | | @]! ##??? | | #g = #??? | | ## ##?? | | ""###"""""#### ### | | % "##?#######??#### # | | ##??????????????##### | | ## ????????????????????### | | " ????????????????????????### | | """ ""#?????????????????????????????### | | ""#" "##??????????????????????????????#" | | """##"""""""##???????????????????????????????####* | | "???#########???????????????????????????????????# | | ????????????????????????????????????????????????## | | ?????????????????????????????????????????????????# | | ?????????????????????????????????????????????????? | | ?????????????????????????????????????????????????? | | ?????????????????????????????????????????????????? | | ?????????????????????????????????????????????????? | | ?????????????????????????????????????????????????? | | ?????????????????????????????????????????????????? | | ?????????????????????????????????????????????????? | | ?????????????????????????????????????????????????? | | ?????????????????????????????????????????????????? | | ?????????????????????????????????????????????????? | | ?????????????????????????????????????????????????? | +----------------------------------------------------+ Best States ------------- Heat Dissipation 28 Energy Generation 14 Energy Capacity 280 Matter Stores 300 Matter Capacity 300 Sight Range 16 Robot Scan Range 13 Terrain Scan Density 10 Armor Coverage 600 Evasion (%) 40 Melee Accuracy 6 Recoil Reduction 2 Item Schematics ----------------- None Robot Schematics ------------------ None Fabricated ------------ Nothing Alien Tech Used ----------------- None Achievements -------------- None Challenges ------------ None Game ------ Seed ZioniteLobotomyMeganuke Manual? 0 Play Time 00:27:40 Cumulative 167.6 hours Start 2020.12.21 @ 09:58:29 End 2020.12.21 @ 10:25:02 Sessions 1 Manual Loads 0 Difficulty Rogue Special Mode None Game No. 165 Rogue 158 Adventurer 0 Explorer 7 Win Type - Total 3 Types 0/0/3/0/0/0/0/0/0 Lore% 62 Gallery% 88 Achievement% 64 Wizard Run 0 Options --------- ASCII 0 Keyboard 0 Movement Mouse Keybinds 0 Fullscreen 1 Font 18/X11 Map View 76x50 Tactical HUD 1 Map Filters NONE Filters NONE Steam 1 RUN: 734a1bf2-fd87-4e49-ac78-649982d877cb